 Dungeon Crawl Stone Soup version 0.22-a0-519-g0da5cb0 (webtiles) character file.

94 BingusPrime the Slasher (level 4, -40/35 HPs)
             Began as a Barachi Skald on June 19, 2018.
             Was an Initiate of Qazlal.
             Killed from afar by an adder (48 damage)
             ... with an exploding inner flame
             ... hexed by the player character
             ... on level 3 of the Dungeon.
             The game lasted 00:09:35 (2584 turns).

BingusPrime the Slasher (Barachi Skald)             Turns: 2584, Time: 00:09:35

Health: -40/35     AC:  4    Str: 13    XL:     4   Next: 63%
Magic:  3/8        EV: 12    Int: 13    God:    Qazlal [......]
Gold:   70         SH:  0    Dex: 12    Spells: 7/8 levels left

rFire    . . .     SeeInvis .   a - +0 falchion
rCold    + . .     Gourm    .   (no shield)
rNeg     . . .     Faith    .   b - +1 leather armour
rPois    .         Spirit   .   (no helmet)
rElec    .         Reflect  .   (no cloak)
rCorr    .         Harm     .   (no gloves)
MR       .....                  (no boots)
Stlth    +.........             (no amulet)
HPRegen  0.11/turn              h - ring of protection from cold
MPRegen  0.11/turn              (no ring)

@: lethally poisoned (-40 -> -43), infused (expiring), slow
A: +LOS, swims, slowness 1, strong legs 1
a: Hop, Renounce Religion


You were on level 3 of the Dungeon.
You worshipped Qazlal.
Qazlal was noncommittal.
You were not hungry.

You visited 1 branch of the dungeon, and saw 3 of its levels.

You collected 70 gold pieces.

Inventory:

Hand Weapons
 a - a +0 falchion (weapon)
 e - a +0 hunting sling
Missiles
 n - 2 throwing nets (quivered)
 o - 8 javelins of returning
Armour
 b - a +1 leather armour (worn)
Magical Staves
 f - an uncursed staff of conjuration
Jewellery
 h - a ring of protection from cold (left hand)
Scrolls
 j - a scroll of immolation
Potions
 c - 2 potions of might
 i - 2 potions of invisibility {unknown}
 k - a potion of curing {unknown}
 l - a potion of degeneration {unknown}
 m - a potion of brilliance {unknown}
Comestibles
 d - 2 rations


   Skills:
 + Level 3.0 Fighting
 + Level 3.7 Long Blades
 + Level 2.0 Armour
 + Level 2.7 Dodging
 + Level 0.1 Stealth
 + Level 2.8 Spellcasting
 + Level 3.6 Charms


You had 7 spell levels left.
You knew the following spells:

 Your Spells              Type           Power        Failure   Level  Hunger
a - Infusion              Chrm           ##..         7%          1    #......

Your spell library contained the following spells:

 Spells                   Type           Power        Failure   Level  Hunger
 Regeneration             Chrm/Necr      #.........   38%         3    ###....
 Shroud of Golubria       Chrm/Tloc      #.........   22%         2    ###....
 Song of Slaying          Chrm           ##......     10%         2    ###....
 Spectral Weapon          Hex/Chrm       #.......     38%         3    ###....


Dungeon Overview and Level Annotations

Branches:
Dungeon (3/15)

Altars:
Fedhas
Gozag
Hepliaklqana
Qazlal
Sif Muna
Vehumet
Wu Jian
Xom


Innate Abilities, Weirdness & Mutations

Shadows flee at your approach. (+LOS)
You can swim through water.
You cover ground slowly.
You can hop short distances.


Message History

As you read the scroll of immolation, it crumbles to dust.
The creatures around you are filled with an inner flame!
The adder bites you.
You are poisoned.
The adder poisons you!
You hit the adder.
The adder is heavily wounded.
You feel sick. The adder bites you.
* * * LOW HITPOINT WARNING * * *
You hit the adder.
The adder is almost dead.
The adder bites you but does no damage. The adder closely misses you.
You barely miss the adder.
The adder is almost dead.
You feel sick. The adder misses you.
You hit the adder!
The adder explodes!
The fiery explosion engulfs you!
Ouch! That really hurt!
You die...

# #.
.##########
..........
#§§.......
#)#
#@#########
#.........#
########.##
#.# #.# #.#
#.#
#.########
#.....†.<#


There were no monsters in sight!

Vanquished Creatures
  Terence (D:3)
  2 adders
  A worm (D:2)
  A dart slug (D:1)
  3 leopard geckos
  4 bats
  4 goblins (D:1)
  2 hobgoblins (D:1)
  12 jackals
  3 kobolds (D:1)
  7 frilled lizards
  6 rats
46 creatures vanquished.

Notes
Turn   | Place    | Note
-------+----------+-------------------------------------------
     0 | D:1      | BingusPrime the Barachi Skald began the quest for the Orb.
     0 | D:1      | Reached XP level 1. HP: 17/17 MP: 3/3
   383 | D:1      | Reached XP level 2. HP: 23/23 MP: 5/5
   807 | D:1      | Reached XP level 3. HP: 23/28 MP: 1/6
  2090 | D:2      | Reached XP level 4. HP: 32/34 MP: 0/8
  2091 | D:2      | Found a faded altar of an unknown god.
  2382 | D:2      | Found a blossoming altar of Fedhas.
  2382 | D:2      | Found a shimmering altar of Xom.
  2387 | D:2      | Found a radiant altar of Vehumet.
  2391 | D:2      | Found a hazy altar of Hepliaklqana.
  2392 | D:2      | Found an ornate altar of the Wu Jian Council.
  2393 | D:2      | Found a stormy altar of Qazlal.
  2395 | D:2      | Found a deep blue altar of Sif Muna.
  2401 | D:2      | Found an opulent altar of Gozag.
  2442 | D:2      | Became a worshipper of Qazlal Stormbringer
  2566 | D:3      | Noticed Terence
  2578 | D:3      | Killed Terence
  2584 | D:3      | Killed from afar by an adder

Vault maps used:
D:1:      ebering_trefoil_3fold
D:2:      minitemple, chequers_ecumenical_altar_island
D:3:      first_ration, uniq_terence

Skill      XL: |  1  2  3  4 |
---------------+-------------+-----
Long Blades    | 3 |  3.7
Fighting       | 3 |  3.0
Armour         | 2 |  2.0
Dodging        | |  2.7
Stealth        | |  0.1
Spellcasting   | |  2.8
Charms         | |  3.6

Action                   |  1- 3 |  4- 6 || total
-------------------------+-------+-------++-------
Melee: Falchion          |   116 |    38 ||   154
Throw: Stone             |     4 |       ||     4
 Cast: Infusion          |     6 |     1 ||     7
  Use: Scroll            |     6 |     2 ||     8
 Stab: Sleeping          |       |     1 ||     1
  Eat: Chunk             |     3 |     1 ||     4
       Ration            |       |     1 ||     1
Armor: Leather armour    |    43 |     6 ||    49
Dodge: Dodged            |    86 |    28 ||   114
       Rpst.: Falchion   |    39 |     9 ||    48

Table legend:
 A = Spawn XP
 B = Non-spawn XP
 C = Spawn XP percentage of total XP
 D = Spawn monster count
 E = Non-spawn monster count
 F = Spawn count percentage of total count
 G = Total turns spent on level
                    A         B        C        D         E        F      G
               +---------+---------+-------+---------+---------+-------+---------
         Total |       0 |     135 |   0.0 |       0 |      46 |   0.0 |  2584
               +---------+---------+-------+---------+---------+-------+---------
           D:1 |       0 |      54 |   0.0 |       0 |      31 |   0.0 |  1572
           D:2 |       0 |      36 |   0.0 |       0 |      13 |   0.0 |   965
           D:3 |       0 |      45 |   0.0 |       0 |       2 |   0.0 |    47
               +---------+---------+-------+---------+---------+-------+---------
